 Dungeon Crawl Stone Soup version 0.31-a0-819-gf6de2f5ab6 (webtiles) character file.

Game seed: 10813125573423249846

2 croobank the Sneak (level 1, -1/11 HPs)
             Began as a Spriggan Delver on Sept 25, 2023.
             Slain by a sleepcap (6 damage)
             ... on level 5 of the Dungeon.
             The game lasted 00:00:21 (79 turns).

croobank the Sneak (Spriggan Delver)                  Turns: 79, Time: 00:00:22

Health: -1/11      AC:  2    Str:  8    XL:     1   Next: 33%
Magic:  2/2        EV:  4    Int: 11    God:
Gold:   11         SH:  0    Dex: 16    Spells: 0/0 levels left

rFire   . . .        a - +0 short sword
rCold   . . .        (no shield)
rNeg    . . .        b - +0 robe
rPois   .            (helmet restricted)
rElec   .            (no cloak)
rCorr   .            (gloves unavailable)
SInv    +            (boots unavailable)
Will    .....        (no amulet)
Stlth   ++++         (no ring)
HPRegen 0.21/turn    (no ring)
MPRegen 0.08/turn

%: no passive effects
@: sleeping, very quick
A: very small, no large weapons, unfitting armour, see invisible, speed 3
a: no special abilities


You were on level 5 of the Dungeon.
You visited 1 branch of the dungeon, and saw 2 of its levels.

You collected 11 gold pieces.

Inventory:

Hand Weapons
 a - a +0 short sword (weapon)
Armour
 b - a +0 robe (worn)
Wands
 g - a wand of digging (3)
Scrolls
 c - a scroll of fog
 d - a scroll of revelation
 e - a scroll of fear
Potions
 f - a potion of haste


   Skills:
 + Level 2.4 Fighting
 + Level 2.2 Short Blades
 + Level 2.8 Dodging
 + Level 7.3 Stealth


You couldn't memorise any spells.
You didn't know any spells.
Your spell library was empty.

Dungeon Overview and Level Annotations

Branches:
Dungeon (6/15)
 Temple: D:4-7

Altars:


Innate Abilities, Weirdness & Mutations

You are very small and have problems with some larger weapons.
You are too small for most types of armour.
You have supernaturally acute eyesight. (SInv)
You cover ground extremely quickly. (Speed+++)


Message History

Will you be the one to retrieve the astounding Orb of Zot from the depths?
Press ? for a list of commands and other information.
Found a stone staircase leading down.
You climb downwards.
The water moccasin hisses angrily.
There is a stone staircase leading up here.
You climb upwards.
There is a stone staircase leading down here.
Found a stone staircase leading up.
Found 4 stones and a scale mail.
You see here 4 stones.
A dart slug comes into view.
Found 11 gold pieces.
The helpless dart slug fails to defend itself.
You impale the dart slug!!
You kill the dart slug!
You now have 11 gold pieces.
An adder comes into view.
The adder moves out of view.
Found an escape hatch in the ceiling.
There is an escape hatch in the ceiling here.
Found a spear.
A sleepcap comes into view.
You see here a +0 spear.
Found 16 gold pieces.
The sleepcap misses you.
You hit the sleepcap.
The sleepcap is lightly damaged.
The sleepcap closely misses you.
You hit the sleepcap but do no damage.
The sleepcap is lightly damaged.
The sleepcap misses you.
You hit the sleepcap but do no damage.
The sleepcap is lightly damaged.
The sleepcap releases spores at you.
Ouch! That really hurt!
You are engulfed in a cloud of soporific spores!
You fall asleep.
The sleepcap releases spores at you.
Ouch! That really hurt!
You die...

#.# #.# #.#
#.# #.# #)#
#.# #.# #@#
#...f.$..#
.....##.###.#
#### #.# #.#
#.. #.. ...


You could see a sleepcap.

Vanquished Creatures
  A dart slug (D:5)
1 creature vanquished.

Notes
Turn   | Place    | Note
-------+----------+-------------------------------------------
     0 | D:5      | croobank the Spriggan Delver began the quest for the Orb.
     0 | D:5      | Reached XP level 1. HP: 11/11 MP: 2/2
     1 | D:6      | Noticed a gnoll bouda
     1 | D:6      | Noticed a water moccasin
     1 | D:6      | Noticed an ice beast
    70 | D:5      | Noticed a sleepcap
    79 | D:5      | Slain by a sleepcap

Illustrated notes

Levels and vault maps discovered:
D:5:      layout_loops_ring, dk_rats_in_the_wall, uniq_blork_the_orc
D:6:      layout_loops_ring, monkooky_shop_mail_order

Action                     || total
---------------------------++-------
  Melee: Short sword       ||     4
   Stab: Sleeping          ||     1
 Armour: Robe              ||     2
  Dodge: Dodged            ||     3

Table legend: (Time is in decaauts)
 A = Elapsed time spent in this place.
 B = Non-inter-level travel time spent in this place.
 C = Inter-level travel time spent in this place.
 D = Time resting spent in this place.
 E = Time spent auto-exploring this place.
 F = Levels seen in this place.
 G = Mean time per level.
                   A        B        C        D        E       F      G
               +--------+--------+--------+--------+--------+-----+--------+
         Total |     50 |     50 |      0 |      0 |     33 |   2 |   25.0 |
       Dungeon |     50 |     50 |      0 |      0 |     33 |   2 |   25.0 |
               +--------+--------+--------+--------+--------+-----+--------+

Top non-repeatable levels by time:
     D:5: 49 daAuts
     D:6: 1 daAuts
